 Dungeon Crawl Stone Soup version 0.30-a0-304-gdc4b735fe1 (webtiles) character file.

Game seed: 14278245042196235772

14 garrulousMonolith the Trooper (level 2, -3/24 HPs)
             Began as a Demonspawn Berserker on Oct 21, 2022.
             Was a Follower of Trog.
             Slain by a kobold
             ... wielding a +0 short sword
              (4 damage)
             ... on level 1 of the Dungeon.
             The game lasted 00:00:33 (257 turns).

garrulousMonolith the Trooper (Demonspawn Berserker) Turns: 257, Time: 00:00:33

Health: -3/24      AC:  2    Str: 17    XL:     2   Next: 31%
Magic:  2/2        EV:  9    Int:  8    God:    Trog [*.....]
Gold:   72         SH:  0    Dex: 12    Spells: 1/1 levels left

rFire   . . .      SeeInvis .    a - +0 hand axe
rCold   . . .      Faith    .    (no shield)
rNeg    . . .      Spirit   .    b - +0 animal skin
rPois   .          Reflect  .    (no helmet)
rElec   .          Harm     .    (no cloak)
rCorr   .          Rampage  .    (no gloves)
Will    .....                    (no boots)
Stlth   +.........               (no amulet)
HPRegen 0.24/turn                (no ring)
MPRegen 0.08/turn                (no ring)

@: constricted
A: demonic magic 1
a: Renounce Religion, Berserk


You were on level 1 of the Dungeon.
You worshipped Trog.
Trog was aware of your devotion.
You visited 1 branch of the dungeon, and saw 1 of its levels.

You collected 72 gold pieces.

Inventory:

Hand Weapons
 a - a +0 hand axe (weapon)
Armour
 b - a +0 animal skin (worn)
Scrolls
 c - a scroll of poison {unknown}
 d - a scroll of butterflies {unknown}
Potions
 e - a potion of lignification {unknown}


   Skills:
 + Level 3.1 Fighting
 * Level 2.9 Axes
 + Level 1.9 Armour
 + Level 2.0 Dodging
 + Level 0.6 Stealth


You had one spell level left.
You didn't know any spells.
Your spell library was empty.

Dungeon Overview and Level Annotations

Branches:
Dungeon (1/15)

Altars:


Innate Abilities, Weirdness & Mutations

Spells you cast may paralyse adjacent enemies.


Message History

You are too injured to fight recklessly!
You are too injured to fight recklessly!
You are too injured to fight recklessly!
You are too injured to fight recklessly!
You are too injured to fight recklessly!
You are too injured to fight recklessly!
You are too injured to fight recklessly!
You are too injured to fight recklessly!
You are too injured to fight recklessly!
You are too injured to fight recklessly!
You are too injured to fight recklessly!
You are too injured to fight recklessly!
You are too injured to fight recklessly!
You are too injured to fight recklessly!
You are too injured to fight recklessly!
You are too injured to fight recklessly!
You are too injured to fight recklessly!
You closely miss the kobold. You closely miss the ball python.
The frilled lizard hisses angrily.
You hit the kobold but do no damage.
The kobold hits you with a +0 short sword.
The kobold barely misses you. The ball python bites you.
The ball python closely misses you.
You closely miss the kobold. You hit the kobold.
You closely miss the ball python. The ball python misses you. x2
The kobold misses you.
The kobold hits you with a +0 short sword.
The ball python bites you. The ball python closely misses you.
The kobold hits you with a +0 whip.
* * * LOW HITPOINT WARNING * * *
The kobold misses you.
You barely miss the kobold. You barely miss the ball python.
You barely miss the kobold.
The ball python bites you but does no damage.
The ball python grabs you. The ball python constricts you.
* * * LOW HITPOINT WARNING * * *
The kobold hits you with a +0 whip.
* * * LOW HITPOINT WARNING * * *
The kobold hits you with a +0 short sword.
You die...

... .# .###...## .. .#
###......... .##
..##.##............
...###.......###........
..........^.............
##.....l......#.........
......SKK....# .........
#......@.....##.........
#.............##........
##..........#.###......#
##...#....##.####...#..
#####.#####..#####...#
#......#.......##...
#......#............
#...........##..#...
#...................


You could see a ball python, 2 kobolds and a frilled lizard.

Vanquished Creatures
  2 dart slugs (D:1)
  A giant cockroach (D:1)
  A kobold (D:1)
  2 quokkas (D:1)
  A bat (D:1)
  4 rats (D:1)
11 creatures vanquished.

Notes
Turn   | Place    | Note
-------+----------+-------------------------------------------
     0 | D:1      | garrulousMonolith the Demonspawn Berserker began the quest
                  | for the Orb.
     0 | D:1      | Reached XP level 1. HP: 18/18 MP: 1/1
   145 | D:1      | Gained mutation: Spells you cast may paralyse adjacent
                  | enemies. [demonic ancestry]
   145 | D:1      | Reached XP level 2. HP: 24/24 MP: 2/2
   257 | D:1      | HP: 1/24 [kobold/+0 whip (5)]
   257 | D:1      | Slain by a kobold

Illustrated notes

Levels and vault maps discovered:
D:1:      shiori_arrival_whats_in_store_for_you, layout_rooms, minmay_unequal

Skill      XL: |  1  2 |
---------------+-------+-----
Dodging        | 2 |  2.0
Fighting       | |  3.1
Axes           | |  2.9
Armour         | |  1.9
Stealth        | |  0.6

Action                   || total
-------------------------++-------
Melee: Hand axe          ||    37
       Punch             ||     1
 Stab: Sleeping          ||     3
Armor: Animal skin       ||     7
Dodge: Dodged            ||    31

Table legend: (Time is in decaauts)
 A = Elapsed time spent in this place.
 B = Non-inter-level travel time spent in this place.
 C = Inter-level travel time spent in this place.
 D = Time resting spent in this place.
 E = Time spent auto-exploring this place.
 F = Levels seen in this place.
 G = Mean time per level.
                   A        B        C        D        E       F      G
               +--------+--------+--------+--------+--------+-----+--------+
         Total |    263 |    263 |      0 |     35 |    136 |   1 |  263.0 |
       Dungeon |    263 |    263 |      0 |     35 |    136 |   1 |  263.0 |
               +--------+--------+--------+--------+--------+-----+--------+

Top non-repeatable levels by time:
     D:1: 263 daAuts
